 Dungeon Crawl Stone Soup version 0.28.0-1-gb440e238dd (console) character file.

Game seed: 17502348866393290774

181 CannotBeFrozen the Shooter (level 5, -1/29 HPs)
             Began as a Tengu Arcane Marksman on Feb 16, 2022.
             Slain by a hobgoblin (4 damage)
             ... on level 3 of the Dungeon on Feb 19, 2022.
             The game lasted 00:15:21 (3548 turns).

CannotBeFrozen the Shooter (Tengu Arcane Marksman)  Turns: 3548, Time: 00:15:21

Health: -1/29      AC:  6    Str: 10    XL:     5   Next: 61%
Magic:  7/7        EV: 12    Int: 16    God:
Gold:   106        SH:  0    Dex: 14    Spells: 2/6 levels left

rFire   . . .      SeeInvis .   b - +0 trident
rCold   . . .      Faith    .   (no shield)
rNeg    . . .      Spirit   .   n - +0 ring mail
rPois   .          Reflect  .   (helmet restricted)
rElec   .          Harm     .   d - +0 cloak
rCorr   .          Rampage  .   (no gloves)
Will    .....                   (boots unavailable)
Stlth   +.........              (no amulet)
HPRegen 0.09/turn               (no ring)
MPRegen 0.10/turn               (no ring)

@: flying quickly and evasively, quick
A: beak, talons 3, nimble flight
a: no special abilities


You were on level 3 of the Dungeon.
You visited 1 branch of the dungeon, and saw 3 of its levels.

You collected 106 gold pieces.

Inventory:

Hand Weapons
 a - a +0 shortbow
 b - a +0 trident (weapon)
 f - a +4 quarterstaff of chaos
 k - a +0 short sword
 l - a +2 antimagic mace
Missiles
 c - 31 arrows
 i - 91 stones (quivered)
Armour
 d - a +0 cloak (worn)
 g - a +0 leather armour
 n - a +0 ring mail (worn)
Scrolls
 e - 2 scrolls of holy word {unknown}
 h - 3 scrolls of identify {unknown}
 j - a scroll of fear {unknown}
 o - a scroll of torment {unknown}
 q - a scroll of summoning {unknown}
 r - a scroll of blinking {unknown}
Potions
 m - a potion of cancellation {unknown}
 p - a potion of heal wounds {@q2}
 s - a potion of curing {unknown}


   Skills:
 - Level 1.0 Fighting
 + Level 1.0 Polearms
 + Level 5.7 Bows
 - Level 2.1 Dodging
 + Level 1.6 Stealth
 - Level 1.0 Spellcasting
 - Level 2.1 Hexes


You had 2 spell levels left.
You knew the following spells:

 Your Spells              Type           Power      Damage    Failure   Level
a - Slow                  Hex            28%        N/A       24%         1
b - Inner Flame           Hex/Fire       4%         N/A       75%         3

Your spell library contained the following spells:

 Spells                   Type           Power      Damage    Failure   Level
 Static Discharge         Conj/Air       0%         N/A       65%         2
 Portal Projectile        Hex/Tloc       8%         N/A       75%         3
 Cause Fear               Hex            3%         N/A       94%         4
 Dispel Undead            Necr           0%         3d6       99%         4
 Sticky Flame             Conj/Fire      0%         2d3       99%         4


Dungeon Overview and Level Annotations

Branches:
Dungeon (3/15)

Altars:


Innate Abilities, Weirdness & Mutations

You have a beak for a mouth.
You have claws for feet.
Your magical nature lets you fly swiftly and evasively.


Message History

The orc priest invokes the aid of Beogh against you.
Beogh smites you!
Ouch! That really hurt!
* * * LOW HITPOINT WARNING * * *
HP: 14/29 (-15) =====------- !!!!!
The orc priest begins to cast a cantrip, but forgets the words!
You are too injured to fight recklessly!
You are too injured to fight recklessly!
You closely miss the orc priest. You claw the orc priest.
The orc priest is moderately wounded.
The adder bites you but does no damage.
The orc priest hits you with a +0 hand axe.
* * * LOW HITPOINT WARNING * * *
The adder bites you.
* * * LOW HITPOINT WARNING * * *
HP: 12/29 (-2) ====-------- You barely miss the orc priest.
You claw the orc priest. Your peck misses the orc priest.
The orc priest is severely wounded.
The orc priest misses you. The adder barely misses you.
The hobgoblin closely misses you.
The orc priest mumbles some strange prayers to Beogh against you.
Beogh smites you!
* * * LOW HITPOINT WARNING * * *
HP: 4/29 (-8) =----------- !!
You closely miss the orc priest. You peck the orc priest.
The orc priest is almost dead.
The adder bites you but does no damage. The hobgoblin closely misses you.
The adder barely misses you.
The orc priest hits you with a +0 hand axe.
* * * LOW HITPOINT WARNING * * *
HP: 3/29 (-1) =----------- You hit the orc priest but do no damage.
Your kick misses the orc priest.
The orc priest is almost dead.
The adder bites you but does no damage.
The hobgoblin hits you but does no damage.
The orc priest closely misses you. The adder closely misses you.
The hobgoblin hits you.
You die...

#.........#....... #.....# ####.
#................. #.)...# #.
##.##.####......#...#)....# #. #.
#.##...###..###.......########. #
#.#.....##....##..#.#.##.......
#........#........#.#..#.......
#........##....................
#........#..o..................
..>.##.!...##..#@......##.........
....#..........#Sg.....##.#.......
... #.......##............#######.
... #.......###.#.....###.....###.
##.......S........# #.###...##
##...#####........##.# ###.##
##### #........##.# #...
#...........# #... ##......#####
#...


You could see an orc priest, an adder and a hobgoblin.

Vanquished Creatures
  An orc priest (D:3)
  Crazy Yiuf (D:2)
  Terence (D:2)
  3 dart slugs (D:2)
  8 orcs
  8 ball pythons
  7 endoplasms
  5 giant cockroaches
  3 goblins
  7 hobgoblins
  12 jackals (D:1)
  7 kobolds
  A quokka (D:1)
  6 bats
  A frilled lizard (D:2)
  5 rats
76 creatures vanquished.

Notes
Turn   | Place    | Note
-------+----------+-------------------------------------------
     0 | D:1      | CannotBeFrozen the Tengu Arcane Marksman began the quest
                  | for the Orb.
     0 | D:1      | Reached XP level 1. HP: 12/12 MP: 3/3
     6 | D:1      | Upgraded the game from 0.28.0 to 0.28.0-1-gb440e238dd
   357 | D:1      | Reached XP level 2. HP: 9/16 MP: 4/4
   366 | D:1      | Reached skill level 3 in Bows
   892 | D:1      | Reached XP level 3. HP: 18/20 MP: 5/5
  1014 | D:1      | Reached skill level 4 in Bows
  1107 | D:1      | Learned a level 3 spell: Inner Flame
  1486 | D:2      | Noticed Terence
  1522 | D:2      | Noticed Crazy Yiuf
  1522 | D:2      | Found a runed translucent door.
  1539 | D:2      | Killed Crazy Yiuf
  1540 | D:2      | Reached XP level 4. HP: 25/25 MP: 6/6
  1616 | D:2      | Reached skill level 5 in Bows
  1934 | D:2      | Noticed a phantom
  2453 | D:2      | Killed Terence
  2454 | D:2      | Reached skill level 1 in Stealth
  2454 | D:2      | Gained mutation: Your magical nature lets you fly swiftly
                  | and evasively. [Tengu growth]
  2454 | D:2      | Reached XP level 5. HP: 4/29 MP: 7/7
  3205 | D:3      | Found a faded altar of an unknown god.
  3459 | D:3      | Reached skill level 1 in Polearms
  3548 | D:3      | Slain by a hobgoblin

Illustrated notes

Levels and vault maps discovered:
D:1:      heliophobic_arrival_henge, layout_loops_cross
D:2:      layout_rooms, uniq_crazy_yiuf_cottage, uniq_terence
D:3:      layout_rooms, shapermc_ecumenical_altar_totnotflames

Skill      XL: |  1  2  3  4  5 |
---------------+----------------+-----
Bows           | 3 4 5 |  5.7
Stealth        | 1 |  1.6
Polearms       | 1 |  1.0
Fighting       | |  1.0
Dodging        | |  2.1
Spellcasting   | |  1.0
Hexes          | |  2.1

Action                   |  1- 3 |  4- 6 || total
-------------------------+-------+-------++-------
Melee: Unarmed           |    18 |       ||    18
       Kick              |    21 |    16 ||    37
       Short sword       |    58 |       ||    58
       Peck              |     6 |    12 ||    18
       Punch             |     1 |       ||     1
       Mace              |       |    34 ||    34
       Trident           |       |    35 ||    35
 Fire: Shortbow          |    37 |    16 ||    53
Throw: Stone             |       |    16 ||    16
 Cast: Slow              |     2 |       ||     2
  Use: Potion            |     3 |     1 ||     4
 Stab: Sleeping          |     1 |     1 ||     2
Armor: Leather armour    |    31 |     6 ||    37
       Robe              |     2 |       ||     2
       Skin              |     8 |       ||     8
       Ring mail         |       |    12 ||    12
Dodge: Dodged            |    89 |    51 ||   140
